 Dungeon Crawl Stone Soup version 0.18.1-8-gdd0e5ea (webtiles) character file.

219 Gagarin the Conjurer (level 5, 0/28 HPs)
             Began as a Deep Elf Conjurer on June 7, 2016.
             Was an Initiate of Sif Muna.
             Killed by divine providence
             ... invoked by an orc priest
              (11 damage)
             ... on level 4 of the Dungeon.
             The game lasted 00:10:40 (2661 turns).

Gagarin the Conjurer (Deep Elf Conjurer)            Turns: 2661, Time: 00:10:41

Health: 0/28       AC:  2    Str:  6    XL:     5   Next: 63%
Magic:  9/13       EV: 14    Int: 20    God:    Sif Muna [......]
Gold:   173        SH:  3    Dex: 17    Spells: 3 memorised, 7 levels left

rFire  . . .     SeeInvis .     j - +0 dagger
rCold  . . .     Gourm    .     a - +0 robe
rNeg   . . .     Faith    .     (no shield)
rPois  .         Spirit   .     (no helmet)
rElec  .         Dismiss  .     (no cloak)
rCorr  .         Reflect  +     (no gloves)
SustAt .         Harm     .     (no boots)
MR     .....                    q - +3 amulet of reflection
Stlth  +++.......               u - ring of flight
                                t - +2 ring of dexterity

@: not resistant to hostile enchantments, fairly stealthy
A: no striking features
a: Renounce Religion, Evoke Flight


You were on level 4 of the Dungeon.
You worshipped Sif Muna.
Sif Muna was noncommittal.
You were very hungry.

You visited 2 branches of the dungeon, and saw 5 of its levels.

You collected 173 gold pieces.

Inventory:

Hand Weapons
 j - a +0 dagger (weapon)
Missiles
 l - 6 poisoned needles
Armour
 a - a +0 robe (worn)
Jewellery
 q - a +3 amulet of reflection (around neck)
 t - a +2 ring of dexterity (left hand)
 u - a ring of flight (right hand)
Scrolls
 f - a scroll of immolation {unknown}
 k - 2 scrolls of amnesia {unknown}
 m - a scroll of blinking {unknown}
 n - 2 scrolls of magic mapping {unknown}
 r - 4 scrolls of identify {unknown}
 s - a scroll of recharging {unknown}
 v - a scroll of remove curse {unknown}
 w - a scroll of fog {unknown}
Potions
 e - a potion of ambrosia {unknown}
 g - a potion of brilliance {unknown}
 h - 2 potions of lignification {unknown}
 i - a potion of flight {unknown}
 p - a potion of heal wounds {unknown}
Books
 b - a book of Conjurations

   Spells                             Type                      Level
   a - Magic Dart                     Conjuration                  1
   b - Searing Ray                    Conjuration                  2
   c - Dazzling Spray                 Conjuration/Hexes            3
   d - Fulminant Prism                Conjuration/Hexes            4
   e - Iskenderun's Mystic Blast      Conjuration                  4
   f - Iskenderun's Battlesphere      Conjuration/Charms           5
Comestibles
 c - 2 bread rations
 d - a royal jelly
 o - a meat ration


   Skills:
 + Level 0.1 Fighting
 + Level 0.4 Short Blades
 + Level 3.2 Dodging
 + Level 4.2 Stealth
 + Level 4.6 Spellcasting
 + Level 5.9 Conjurations


You had 7 spell levels left.
You knew the following spells:

 Your Spells              Type           Power        Failure   Level  Hunger
a - Magic Dart            Conj           ####         1%          1    None
b - Searing Ray           Conj           ####..       1%          2    #......
c - Dazzling Spray        Conj/Hex       ###.....     12%         3    ##.....


Dungeon Overview and Level Annotations

Branches:
Dungeon (4/15)             Temple (1/1) D:4

Altars:
Ashenzari
Elyvilon
Gozag
Kikubaaqudgha
Okawaru
Pakellas
Qazlal
Ru
Sif Muna
Vehumet
Zin


Message History

The magic dart hits the centaur skeleton.
Casting: Magic Dart
Confirm with . or Enter, or press ? or * to list all spells.
Aiming: Searing Ray
Press: ? - help, Shift-Dir - straight line, f/p - centaur skeleton
Aim: a centaur skeleton The searing ray hits the centaur skeleton.
You destroy the centaur skeleton!
An orc priest comes into view.
An orc wizard comes into view. It is wielding a dagger.
An orc wizard comes into view. It is wielding a dagger.
The orc wizard shouts!
The orc priest shouts!
The orc wizard shouts!
The orc priest calls down the wrath of Beogh upon you.
Beogh smites you!
Ouch! That really hurt!
You hear a shout!
The orc wizard hits you but does no damage.
The orc priest mumbles some strange prayers to Beogh against you.
Beogh smites you!
You die...

#################
#.........#...... .
#...... ..#......
..###..... .........
.........####........
...........##........
............@.o......
......##...##oo.#....
..... #.....#...# ...
..#####.....#####........
............#####.......o
.......................
.. #...........).........
... #........#PPPP......#
####..
............>P......#
#.....


You could see an orc priest and 2 orc wizards.

Vanquished Creatures
  A centaur skeleton (D:4)
  Terence (D:3)
  3 gnolls (D:2)
  7 adders
  2 oozes
  2 worms (D:2)
  2 dart slugs
  A giant gecko (D:1)
  3 bats
  3 giant cockroaches
  4 goblins
  7 hobgoblins
  6 jackals
  5 kobolds
  A quokka (D:2)
  5 giant newts
  9 rats
62 creatures vanquished.

Notes
Turn   | Place    | Note
--------------------------------------------------------------
     0 | D:1      | Gagarin the Deep Elf Conjurer began the quest for the Orb.
     0 | D:1      | Reached XP level 1. HP: 10/10 MP: 6/6
   268 | D:1      | Reached XP level 2. HP: 15/15 MP: 4/8
   275 | D:1      | Learned a level 2 spell: Searing Ray
   303 | D:1      | Reached skill level 5 in Conjurations
   607 | D:1      | Reached XP level 3. HP: 19/19 MP: 7/9
   942 | D:2      | Found a radiant altar of Vehumet.
  1036 | D:2      | Reached XP level 4. HP: 24/24 MP: 6/11
  1535 | D:3      | Found a shattered altar of Ashenzari.
  1535 | D:3      | Found a glowing silver altar of Zin.
  1981 | D:3      | Reached XP level 5. HP: 28/28 MP: 5/13
  2056 | D:3      | Learned a level 3 spell: Dazzling Spray
  2187 | D:3      | Noticed Terence
  2198 | D:3      | Killed Terence
  2551 | D:4      | Found a staircase to the Ecumenical Temple.
  2566 | Temple   | Entered the Ecumenical Temple
  2617 | Temple   | Became a worshipper of Sif Muna the Loreminder
  2661 | D:4      | Killed from afar by an orc priest

Skill      XL: |  1  2  3  4  5 |
---------------+----------------+-----
Conjurations   | 5 |  5.9
Dodging        | 3 |  3.2
Stealth        | 3 4 |  4.2
Spellcasting   | 4 |  4.6
Fighting       | |  0.1
Short Blades   | |  0.4

Action                   |  1- 3 |  4- 6 || total
-------------------------+-------+-------++-------
Melee: Dagger            |     5 |    18 ||    23
 Cast: Magic Dart        |    57 |    44 ||   101
       Searing Ray       |     3 |     5 ||     8
 Stab: Sleeping          |     4 |     4 ||     8
  Eat: Chunk             |       |     4 ||     4
Armor: Robe              |     2 |     4 ||     6
Dodge: Dodged            |     8 |     8 ||    16
